 Dungeon Crawl Stone Soup version 0.27.1-34-g3ba077fa99 (webtiles) character file.

Game seed: 4008464225512253536

445 eustatius the Slasher (level 6, -8/43 (56) HPs)
             Began as a Minotaur Monk on Jan 4, 2022.
             Was a High Priest of Cheibriados.
             Mangled by Fractals's ghost (9 damage)
             ... on level 4 of the Dungeon.
             The game lasted 00:21:08 (3244 turns).

eustatius the Slasher (Minotaur Monk)               Turns: 3244, Time: 00:21:09

HP:   -8/43 (56)    AC: 10    Str: 29    XL:     6   Next: 72%
MP:   0/5           EV: 11    Int: 18    God:    Cheibriados [*****.]
Gold: 136           SH:  0    Dex: 23    Spells: 5/5 levels left

rFire    . . .     SeeInvis .   e - +0 long sword
rCold    . . .     Faith    .   (no shield)
rNeg     . . .     Spirit   +   r - +0 chain mail
rPois    .         Reflect  .   (helmet restricted)
rElec    .         Harm     .   (no cloak)
rCorr    .         Rampage  .   (no gloves)
Will     .....                  u - +0 pair of boots
Stlth    ..........             i - amulet of guardian spirit
HPRegen  0.14/turn              (no ring)
MPRegen  0.09/turn              (no ring)

@: heavily drained, very slow
A: horns 2, retaliatory headbutt
a: Renounce Religion, Bend Time, Temporal Distortion, Slouch, Step From Time


You were on level 4 of the Dungeon.
You worshipped Cheibriados.
Cheibriados was extremely pleased with you.
You visited 1 branch of the dungeon, and saw 4 of its levels.

You collected 136 gold pieces.

Inventory:

Hand Weapons
 a - a +0 falchion
 e - a +0 long sword (weapon)
Missiles
 c - 2 javelins (quivered)
 n - 18 bolts
 w - 9 poisoned darts
Armour
 b - a +0 robe
 d - a +0 ring mail
 j - a +0 scale mail
 m - a scarf of harm
 r - a +0 chain mail (worn)
 u - a +0 pair of boots (worn)
Jewellery
 i - an amulet of guardian spirit (around neck)
Scrolls
 f - 2 scrolls of amnesia {unknown}
 g - a scroll of torment {unknown}
 k - a scroll of blinking {unknown}
 o - a scroll of immolation {unknown}
 p - a scroll of magic mapping {unknown}
 q - a scroll of silence {unknown}
 t - 2 scrolls of identify {unknown}
 v - a scroll of enchant armour {unknown}
Potions
 h - a potion of degeneration {unknown}
 l - 2 potions of curing
 s - a potion of heal wounds {unknown}


   Skills:
 + Level 5.3 Fighting
 + Level 6.4 Long Blades
 + Level 3.4 Armour
 + Level 4.1 Dodging
 + Level 2.4 Stealth


You had 5 spell levels left.
You didn't know any spells.
Your spell library contained the following spells:

 Spells                   Type           Power      Damage    Failure   Level
 Conjure Flame            Conj/Fire      0%         6-21      98%         3
 Ignite Poison            Fire/Tmut/Pois 0%         N/A       98%         3
 Sticky Flame             Conj/Fire      0%         2d3       100%        4


Dungeon Overview and Level Annotations

Branches:
Dungeon (4/15)
 Temple: D:4-7

Altars:
Cheibriados
Zin

Annotations:
D:4 Fractals's ghost, amateur DrWn


Innate Abilities, Weirdness & Mutations

You have a pair of horns on your head.
You reflexively headbutt those who attack you in melee.


Message History

You feel drained.
* * * LOW HITPOINT WARNING * * *
You hit Fractals's ghost. You headbutt Fractals's ghost!
Fractals's ghost is heavily damaged.
You feel sick.
Fractals's ghost hits you but does no damage.
You feel drained. The kobold hits you but does no damage.
You slash Fractals's ghost!
Fractals's ghost is severely damaged.
You feel sick. Fractals's ghost closely misses you.
The kobold hits you but does no damage.
You hit Fractals's ghost.
You headbutt Fractals's ghost, but do no damage.
Fractals's ghost is almost destroyed.
Fractals's ghost hits you but does no damage.
You feel drained. The kobold hits you but does no damage.
You hit Fractals's ghost but do no damage.
Fractals's ghost is almost destroyed.
You feel sick.
Fractals's ghost hits you but does no damage.
You feel drained. The kobold barely misses you. You furiously retaliate!
You headbutt the kobold!
You kill the kobold!
Cheibriados appreciates the change of pace.
Fractals's ghost barely misses you. You furiously retaliate!
You headbutt Fractals's ghost. You barely miss Fractals's ghost.
Fractals's ghost is almost destroyed.
You feel sick.
You are no longer poisoned.
Fractals's ghost says, "Are you willing to die fighting?
I was!"
Fractals's ghost hits you!
* * * LOW HITPOINT WARNING * * *
You feel drained.
* * * LOW HITPOINT WARNING * * *
You barely miss Fractals's ghost.
You headbutt Fractals's ghost, but do no damage.
Fractals's ghost is almost destroyed.
Fractals's ghost hits you!
You die...

.......<...........###..........#
###.....†.)..#..#...............#
####.###)#.#..#..............##
... .............>.....[..# ##..
...............######..#
#......######......))......#
.S.....##...>......)####....#
.....................# ....
.......)@.......## ...#
........W........... ....
#.......................≈
#.####''####.#.......
#.....≈≈#.#......#
#≈.8.#..##.#......#
#.#..≈≈.##.#......# ##.≈$≈.#.#..
..... ###.#≈###


You could see Fractals's ghost.

Vanquished Creatures
  A water moccasin (D:4)
  A scorpion (D:4)
  2 orc priests (D:3)
  8 gnolls
  5 adders
  A worm (D:3)
  4 dart slugs
  7 orcs (D:3)
  6 ball pythons
  9 bats
  3 endoplasms
  5 giant cockroaches
  12 goblins
  4 hobgoblins
  2 quokkas (D:1)
  4 frilled lizards
  11 kobolds
  5 rats
90 creatures vanquished.

Vanquished Creatures (others)
  A fungus (D:1)
1 creature vanquished.

Grand Total: 91 creatures vanquished

Notes
Turn   | Place    | Note
-------+----------+-------------------------------------------
     0 | D:1      | eustatius the Minotaur Monk began the quest for the Orb.
     0 | D:1      | Reached XP level 1. HP: 19/19 MP: 0/0
    45 | D:1      | Found a faded altar of an unknown god.
    63 | D:1      | Reached skill level 4 in Long Blades
    63 | D:1      | Reached XP level 2. HP: 15/27 MP: 1/1
   186 | D:1      | Became a worshipper of Cheibriados the Contemplative
   186 | D:1      | Reached * piety under Cheibriados
   186 | D:1      | Reached ** piety under Cheibriados
   345 | D:1      | Reached *** piety under Cheibriados
   706 | D:1      | Reached XP level 3. HP: 33/33 MP: 2/2
  1505 | D:2      | Reached XP level 4. HP: 18/41 MP: 1/3
  1506 | D:2      | Reached skill level 5 in Long Blades
  1512 | D:2      | Reached **** piety under Cheibriados
  2431 | D:3      | Reached skill level 1 in Armour
  2431 | D:3      | Reached XP level 5. HP: 41/47 MP: 1/4
  2575 | D:3      | Found a glowing silver altar of Zin.
  3166 | D:4      | Noticed a water moccasin
  3175 | D:4      | Killed a water moccasin
  3176 | D:4      | Reached skill level 5 in Fighting
  3176 | D:4      | Reached skill level 6 in Long Blades
  3176 | D:4      | Reached XP level 6. HP: 6/56 MP: 2/5
  3177 | D:4      | Reached ***** piety under Cheibriados
  3208 | D:4      | Found a large runed translucent door.
  3209 | D:4      | Found a large runed translucent door.
  3226 | D:4      | Noticed Fractals's ghost (amateur DrWn)
  3243 | D:4      | HP: 1/43 [Fractals's ghost (2)]
  3244 | D:4      | Mangled by Fractals's ghost

Illustrated notes

Levels and vault maps discovered:
D:1:      matt_arrival_diagonals, layout_basic,
          dreamdust_ecumenical_altar_grove, serial_co_window_serial,
          co_window_corner_a, co_window_of_opportunity_a, co_window_cross_1,
          co_window_corner_a, co_window_paths_b, co_window_corner_a,
          co_window_paths_b, co_window_2corner, co_window_of_opportunity_c,
          co_window_corner_ca, glass_columns_a, kennysheep_nondescript
D:2:      minmay_wonky_spiral, layout_basic
D:3:      mumra_celtic_spiral_tile, layout_basic, zin_treasury
D:4:      layout_basic, lightli_sewer_entry_pipes, ebering_ghost_disaster_area,
          uniq_duvessa

Skill      XL: |  1  2  3  4  5  6 |
---------------+-------------------+-----
Long Blades    | 4 5 6 |  6.4
Fighting       | 4 5 |  5.3
Stealth        | 2 |  2.4
Armour         | 1 2 3 |  3.4
Dodging        | 4 |  4.1

Action                   |  1- 3 |  4- 6 || total
-------------------------+-------+-------++-------
Melee: Falchion          |    49 |       ||    49
       Headbutt          |    17 |    23 ||    40
       Long sword        |     6 |    84 ||    90
  Use: Potion            |       |     1 ||     1
 Stab: Sleeping          |     3 |       ||     3
Armor: Robe              |    10 |       ||    10
       Scale mail        |     2 |     5 ||     7
       Chain mail        |       |    43 ||    43
Dodge: Dodged            |    43 |    54 ||    97
       Rpst.: Falchion   |    15 |       ||    15
       Long sword        |     4 |    10 ||    14
